 Dungeon Crawl Stone Soup version 0.31-a0-978-g1e143483b6 (webtiles) character file.

Game seed: 11676027646918694204

77 sammy202020 the Ruffian (level 4, 41/41 HPs)
             Began as a Troll Shapeshifter on Oct 30, 2023.
             Quit the game on level 2 of the Dungeon.
             The game lasted 00:02:08 (1523 turns).

sammy202020 the Ruffian (Troll Shapeshifter)        Turns: 1523, Time: 00:02:08

Health: 41/41      AC:  4    Str: 26    XL:     4   Next: 13%
Magic:  2/2        EV: 10    Int:  7    God:
Gold:   89         SH:  0    Dex:  8    Spells: 3/3 levels left

rFire   . .          .
                       - Unarmed
rCold   . . .        (no shield)
rNeg    . . .        a - +0 animal skin
rPois   .            (helmet currently unavailable)
rElec   .            (cloak currently unavailable)
rCorr   .            (gloves unavailable)
SInv    .            (boots unavailable)
Will    .....        (no amulet)
Stlth   +            (no ring)
HPRegen 1.06/turn    (no ring)
MPRegen 0.08/turn

%: no passive effects
@: about to teleport, beast-form
A: beast (slay +1), large, unfitting armour, claws 3, regeneration 1, shaggy fur
1, tough skin 1, low MP 1, strong 1, teleportitis 1, devolution 1
a: Begin Untransformation


You were on level 2 of the Dungeon.
You were a hulking beast.
You visited 1 branch of the dungeon, and saw 2 of its levels.

You collected 89 gold pieces.

Inventory:

Hand Weapons
 k - a +1 morningstar
Armour
 a - a +0 animal skin (worn)
Jewellery
 j - an amulet of faith
Talismans
 c - a beast talisman (active)
 d - a flux talisman
Potions
 b - a potion of lignification
 g - a potion of cancellation
 m - a potion of haste {unknown}
 n - a potion of resistance {unknown}


   Skills:
 * Level 1.5 Fighting
 * Level 1.0 Armour
 * Level 2.3 Dodging
 * Level 3.5 Unarmed Combat
 + Level 3.2 Shapeshifting


You had 3 spell levels left.
You didn't know any spells.
Your spell library was empty.

Dungeon Overview and Level Annotations

Branches:
Dungeon (2/15)

Altars:


Innate Abilities, Weirdness & Mutations

You are a hulking beast.
Your limbs bulge with bestial killing power. (Slay +1)
You are too large for most types of armour.
You have claws for hands.
Your natural rate of healing is unusually fast.
You are covered in fur. (AC +1)
You have tough skin. (AC +1)
Your magical capacity is low. (-10% MP)
Your muscles are strong. (Str +4, Int/Dex -1)
You are occasionally teleported next to monsters.
You have hidden genetic defects.


Message History

You claw the worm!
You kill the worm!
No target in view!
No target in view!
No target in view!
No target in view!
No target in view!
No target in view!
No target in view!
No target in view!
No target in view!
No target in view!
No target in view!
You see here a worm corpse.
Done exploring.
No target in view!
No target in view!
Done exploring.
No target in view!
As you read the scroll labelled FYXTIW TIYXEGU, it crumbles to dust.
It is a scroll of enchant weapon.
Your +0 morningstar glows red for a moment.
As you read the scroll labelled PIMOEQU UNEW, it crumbles to dust.
It is a scroll of identify.
g - a potion of cancellation
As you read the scroll labelled KUEC HAMMAGI, it crumbles to dust.
It is a scroll of amnesia.
You feel forgetful for a moment.
As you read the scroll labelled GUNIMEYV RITUNT, it crumbles to dust.
You feel strangely unstable.
It was a scroll of teleportation.
You aren't carrying any scrolls.
It was a potion of mutation.
You feel extremely strange.
You feel less energetic.
You feel a hidden malignance growing inside you.
You feel weirdly uncertain.
You feel stronger.
Okay, then.
Okay, then.
Unknown command.
Unknown command.
Are you sure you want to abandon this character and quit the game? (Confirm with "yes".)

### #########################.#
..........†.....h.........#
#########################.# # #.#
# ###.###### ### #######
#........## ..####.....########
###..........
#....#............###............
#....#..............#............
#..†.#......†....................


There were no monsters in sight!

Vanquished Creatures
  An adder (D:2)
  4 worms (D:2)
  2 dart slugs
  4 endoplasms
  A giant cockroach (D:2)
  5 goblins
  5 hobgoblins
  7 kobolds
  A quokka (D:2)
  6 ball pythons
  2 bats (D:2)
  14 frilled lizards
  2 rats (D:2)
54 creatures vanquished.

Notes
Turn   | Place    | Note
-------+----------+-------------------------------------------
     0 | D:1      | sammy202020 the Troll Shapeshifter began the quest for the
                  | Orb.
     0 | D:1      | Reached XP level 1. HP: 18/18 MP: 0/0
   154 | D:1      | Reached skill level 1 in Fighting
   159 | D:1      | Reached XP level 2. HP: 22/27 MP: 1/1
   686 | D:2      | Reached XP level 3. HP: 33/33 MP: 2/2
  1087 | D:2      | Reached skill level 1 in Armour
  1092 | D:2      | Reached XP level 4. HP: 39/41 MP: 3/3
  1522 | D:2      | Gained mutation: Your magical capacity is low. (-10% MP)
                  | [potion of mutation]
  1522 | D:2      | Gained mutation: You have hidden genetic defects. [potion
                  | of mutation]
  1522 | D:2      | Gained mutation: You are occasionally teleported next to
                  | monsters. [potion of mutation]
  1522 | D:2      | Gained mutation: Your muscles are strong. (Str +4, Int/Dex
                  | -1) [potion of mutation]
  1523 | D:2      | Quit the game

Illustrated notes

Levels and vault maps discovered:
D:1:      eino_arrival_cavern_b, layout_loops_ring, minmay_lizard_king
D:2:      minmay_recursive_quarters, layout_basic

Skill      XL: |  1  2  3 |
---------------+----------+-----
Fighting       | 1 |  1.5
Dodging        | 2 |  2.3
Armour         | 1 |  1.0
Unarmed Combat | |  3.5
Shapeshifting  | |  3.2

Action                     |  1- 3 |  4- 6 || total
---------------------------+-------+-------++-------
  Melee: Unarmed           |   110 |     9 ||   119
         Punch             |     1 |       ||     1
    Use: Scroll            |       |     4 ||     4
         Potion            |       |     1 ||     1
 Armour: Animal skin       |    54 |     4 ||    58
  Dodge: Dodged            |    47 |     2 ||    49
   Form: Beast             |     1 |       ||     1

Table legend: (Time is in decaauts)
 A = Elapsed time spent in this place.
 B = Non-inter-level travel time spent in this place.
 C = Inter-level travel time spent in this place.
 D = Time resting spent in this place.
 E = Time spent auto-exploring this place.
 F = Levels seen in this place.
 G = Mean time per level.
                   A        B        C        D        E       F      G
               +--------+--------+--------+--------+--------+-----+--------+
         Total |   1515 |   1515 |      0 |      2 |   1232 |   2 |  757.5 |
       Dungeon |   1515 |   1515 |      0 |      2 |   1232 |   2 |  757.5 |
               +--------+--------+--------+--------+--------+-----+--------+

Top non-repeatable levels by time:
     D:2: 857 daAuts
     D:1: 657 daAuts
